 Dungeon Crawl Stone Soup version 0.28-b1-1-g3c77fb2ed1 (webtiles) character file.

Game seed: 4571202460981822549

41653 jjjjhere the Summoner (level 14, -1/93 HPs)
             Began as a Merfolk Summoner on Jan 28, 2022.
             Was a High Priest of Sif Muna.
             Killed by divine providence
             ... invoked by an orc priest
              (15 damage)
             ... on level 2 of the Orcish Mines on Jan 29, 2022.
             The game lasted 01:04:07 (25121 turns).

jjjjhere the Summoner (Merfolk Summoner)           Turns: 25121, Time: 01:04:08

Health: -1/93      AC: 11    Str:  9    XL:     14   Next: 16%
Magic:  25/26      EV: 15    Int: 22    God:    Sif Muna [*****.]
Gold:   952        SH: 15    Dex: 17    Spells: 18/30 levels left

rFire   + + +      SeeInvis +   d - +1 dagger (venom)
rCold   + + .      Faith    +   m - +2 shield of Resistance {rF++ rC++ Will++}
rNeg    . . .      Spirit   .   a - +1 robe
rPois   .          Reflect  .   o - +2 helmet {Int+3}
rElec   +          Harm     .   (no cloak)
rCorr   .          Rampage  .   t - +0 pair of gloves
Will    +++..                   n - +3 pair of boots of Cuhugy Karua {rElec Dex+3 SInv}
Stlth   ++........              p - amulet of faith
HPRegen 0.25/turn               k - ring of see invisible
MPRegen 0.20/turn               f - ring of protection from fire

@: no status effects
A: (nimble swimmer 2), mertail
a: Renounce Religion, Channel Magic, Forget Spell, Divine Exegesis


You were on level 2 of the Orcish Mines.
You worshipped Sif Muna.
Sif Muna was extremely pleased with you.
You visited 4 branches of the dungeon, and saw 18 of its levels.

You collected 952 gold pieces.

Inventory:

Hand Weapons
 d - a +1 dagger of venom (weapon)
 h - a +2 dagger of freezing
Missiles
 g - a throwing net
 i - 5 boomerangs
Armour
 a - a +1 robe (worn)
 m - the +2 shield of Resistance (worn) {rF++ rC++ Will++}
   (You acquired it on level 7 of the Dungeon)

   rF:        It greatly protects you from fire.
   rC:        It greatly protects you from cold.
   Will:      It greatly increases your willpower.
 n - the +3 pair of boots of Cuhugy Karua (worn) {rElec Dex+3 SInv}
   (You acquired it on level 7 of the Dungeon)

   Dex:       It affects your dexterity (+3).
   rElec:     It insulates you from electricity.
   SInv:      It lets you see invisible.
 o - a +2 helmet of intelligence (worn)
 t - a +0 pair of gloves (worn)
 B - the +6 chain mail of Pantheism {rF+ Str+3 Int+3}
   (You found it on level 1 of the Lair of Beasts)

   Str:       It affects your strength (+3).
   Int:       It affects your intelligence (+3).
   rF:        It protects you from fire.
Jewellery
 f - a ring of protection from fire (right hand)
 k - a ring of see invisible (left hand)
 p - an amulet of faith (around neck)
 v - an amulet of guardian spirit
 A - a ring of flight
 D - a ring of resist corrosion
 E - an amulet of faith
 H - an amulet of reflection
 M - a ring of protection from fire
Wands
 q - a wand of acid (5)
 r - a wand of charming (4)
 s - a wand of polymorph (3)
 G - a wand of flame (14)
 I - a wand of mindburst (7)
 J - a wand of paralysis (5)
Scrolls
 c - 2 scrolls of brand weapon
 j - 2 scrolls of enchant armour
 x - a scroll of amnesia
 y - 3 scrolls of blinking
 F - a scroll of immolation {unknown}
 K - a scroll of noise {unknown}
Potions
 b - 3 potions of mutation
 e - 7 potions of curing
 l - 2 potions of flight
 u - 3 potions of berserk rage
 w - a potion of resistance
 z - 2 potions of brilliance
 N - a potion of might


   Skills:
 - Level 3.2 Fighting
 + Level 8.0 Dodging
 - Level 2.1 Stealth
 - Level 13.0 Shields
 - Level 8.9 Spellcasting
 - Level 8.5 Conjurations
 + Level 14.4 Summonings
 - Level 0.1 Air Magic


You had 18 spell levels left.
You knew the following spells:

 Your Spells              Type           Power      Damage    Failure   Level
a - Summon Small Mammal   Summ           100%       N/A       1%          1
b - Call Imp              Summ           65%        N/A       1%          2
c - Call Canine Familiar  Summ           65%        N/A       1%          3
d - Summon Lightning Spi  Summ/Air       41%        N/A       6%          4
e - Searing Ray           Conj           94%        2d7       1%          2

Your spell library contained the following spells:

 Spells                   Type           Power      Damage    Failure   Level
 Magic Dart               Conj           100%       1d8       1%          1
 Summon Guardian Golem    Hex/Summ       41%        N/A       1%          3
 Dazzling Flash           Conj/Hex       56%        N/A       7%          3
 Stone Arrow              Conj/Erth      56%        3d10      7%          3
 Animate Armour           Summ/Erth      82%        N/A       7%          4
 Fulminant Prism          Conj/Hex       14%        3d9       22%         4
 Confusing Touch          Hex            9%         N/A       36%         3
 Spellforged Servitor     Conj/Summ      28%        N/A       69%         7
 Orb of Destruction       Conj           23%        9d8       97%         7
 Agony                    Necr           9%         N/A       98%         5
 Haunt                    Necr/Summ      20%        N/A       99%         7
 Lehudib's Crystal Spear  Conj/Erth      14%        10d5      100%        8


Dungeon Overview and Level Annotations

Branches:
Dungeon (9/15)             Temple (1/1) D:6            Lair (6/6) D:9
  Swamp (0/4) Lair:4        Snake (0/4) Lair:2        Slime (0/5) Lair:6
    Orc (2/2) D:9
    Elf: Orc:2

Altars:
Ashenzari
Cheibriados
Dithmenos
Elyvilon
Fedhas
Gozag
Hepliaklqana
Kikubaaqudgha
Makhleb
Nemelex Xobeh
Okawaru
Qazlal
Ru
Sif Muna
Trog
Uskayaw
Vehumet
Wu Jian
Xom
Yredelemnul
Zin
The Shining One
Jiyva

Shops:
D:2 *   Orc:2 [[[(

Annotations:
Orc:2 Saint Roka


Innate Abilities, Weirdness & Mutations

((You are very nimble when in or above water. (Stealth+, EV+, Speed+++)))
Your lower body shifts to a powerful aquatic tail in water.


Message History

Beogh smites you!
* * * LOW HITPOINT WARNING * * *
The orc hits your orc with a +0 dagger. The troll bites your orc wizard!!
Your orc wizard dies!
Your orc wizard's corpse dissolves into shadows!
The orc warrior hits your orc with a +0 short sword!
Your orc dies!
Your orc's corpse dissolves into shadows!
The warg bites your orc warrior but does no damage.
Your orc warrior hits the warg with a +0 scimitar!!
Your troll bites the warg.
Your troll claws the warg!
The warg dies!
Sif Muna accepts your kill.
Your orc closely misses the orc.
Your orc warrior closely misses the orc warrior.
Your orc warrior hits the orc warrior with a +0 war axe!
Your orc warrior hits the warg with a +0 war axe!
Your orc warrior hits the orc with a +0 war axe.
Your Dodging skill increases to level 8!
You feel better.
The orc no longer looks unusually strong. x2
The orc priest no longer looks unusually strong.
The orc hits your orc warrior with a +0 dagger.
The orc warrior hits your troll with a +0 hand axe.
The orc warrior misses your orc warrior.
The orc priest closely misses your troll.
Your orc warrior completely misses the orc.
Your orc warrior barely misses the warg.
Your orc warrior hits the orc warrior but does no damage.
Your orc warrior hits the orc warrior with a +0 war axe.
The orc warrior hits your orc warrior with a +0 long sword!
Your orc warrior dies!
Your orc warrior's corpse dissolves into shadows!
Your troll bites the warg.
Your troll claws the warg! x2
Your orc hits the orc priest but does no damage.
The orc warrior no longer looks unusually strong.
The warg bites your troll.
The orc priest calls down the wrath of Beogh upon you.
Beogh smites you!
You die...

.##.. #..........O.
..#..# #....o......
......####.o.o.....
#.o...#.#o..o.....
.......oo#..oo....
#..ohToo..h..... #
####o#o##o###...#
##.##.#.#o.oo.o## ...#
#......@.h.ooo..# <..
##......o.Too...... .o
###.......o.o.....#
##......#...#....
#................
######................
###oo.o÷##$#.#.........
##o.......###.##........
##o......÷..


You could see a troll, 2 wargs, 6 orc warriors, 2 orc priests, 6 orcs, a
friendly troll (summoned), a friendly orc warrior (summoned), a friendly orc
priest (summoned) and a friendly orc (summoned).

Vanquished Creatures
  A dire elephant (Lair:6)
  A hydra (Lair:3)
  9 blink frogs
  3 yaks
  2 wyverns
  A steam dragon (D:4)
  A water moccasin (Lair:1)
  A black bear (Lair:2)
  A bullfrog (Lair:5)
  A scorpion (D:6)
  2 hounds
  Terence (D:2)
  A hell rat (Lair:2)
  A shadow imp (D:7)
  2 dart slugs (D:3)
  4 orcs
  2 bats
  2 endoplasms
  3 giant cockroaches
  A goblin (D:2)
  2 jackals (D:2)
  A kobold (D:4)
  4 quokkas
  A frilled lizard (D:2)
  6 rats
54 creatures vanquished.

Vanquished Creatures (collateral kills)
  A dire elephant (Lair:6)
  A catoblepas (Lair:2)
  7 hydras
  2 two-headed ogres (D:9)
  3 death yaks
  An elephant (D:9)
  2 black mambas
  10 cane toads
  3 torpor snails
  9 komodo dragons
  Maggie (D:6)
  5 rime drakes
  Grinder (D:6)
  2 polar bears
  8 dream sheep
  22 blink frogs
  8 basilisks
  9 wyverns
  41 yaks
  A wraith (D:9)
  A warg (Orc:2)
  A swamp worm (Lair:4)
  A spectral cane toad (Lair:6)
  4 nagas (Lair:2)
  12 water moccasins
  8 nameless horrors
  5 orc warriors
  An ice beast (D:7)
  A sky beast (D:6)
  A hornet zombie (D:8)
  3 black bears
  An ogre (Orc:2)
  2 necrophages
  4 wolves
  3 phantoms
  7 bullfrogs
  A kobold brigand (D:7)
  2 cane toad simulacra (Lair:6)
  A gnoll sergeant (D:8)
  A scorpion (D:5)
  A wyvern zombie (D:7)
  A water moccasin skeleton (D:7)
  5 killer bees
  2 howler monkeys
  2 electric eels
  A bullfrog zombie (D:6)
  A centaur zombie (D:8)
  A hound (D:7)
  2 jellies (D:4)
  4 orc priests
  3 iguanas
  Ijyb (D:5)
  7 orc wizards
  6 hell rats
  A killer bee zombie (D:7)
  A hound skeleton (D:4)
  7 gnolls
  A howler monkey skeleton (D:7)
  5 adders
  A worm (D:2)
  30 orcs
  3 ball pythons
  3 endoplasms
  A giant cockroach (D:1)
  7 goblins
  7 hobgoblins
  2 jackals (D:2)
  9 kobolds
  2 quokkas
  4 frilled lizards
  A rat (D:1)
319 creatures vanquished.

Vanquished Creatures (others)
  A bush (Lair:6)
  78 fungi
  114 plants
  16 withered plants (Lair:6)
209 creatures vanquished.

Grand Total: 582 creatures vanquished

Notes
Turn   | Place    | Note
-------+----------+-------------------------------------------
     0 | D:1      | jjjjhere the Merfolk Summoner began the quest for the Orb.
     0 | D:1      | Reached XP level 1. HP: 13/13 MP: 3/3
   156 | D:1      | HP: 3/13 [endoplasm (3)]
   160 | D:1      | Reached XP level 2. HP: 4/19 MP: 0/5
   397 | D:1      | Learned a level 2 spell: Call Imp
   418 | D:1      | Found a faded altar of an unknown god.
  1049 | D:2      | Reached XP level 3. HP: 24/24 MP: 3/6
  1053 | D:2      | Learned a level 3 spell: Call Canine Familiar
  1074 | D:2      | Noticed Terence
  1104 | D:2      | Killed Terence
  1198 | D:2      | Found a shimmering altar of Xom.
  1461 | D:2      | Reached XP level 4. HP: 30/30 MP: 4/8
  1534 | D:2      | Found Gicvah's Assorted Antiques.
  1891 | D:2      | Reached skill level 5 in Summonings
  3270 | D:3      | Reached XP level 5. HP: 35/35 MP: 2/10
  3404 | D:3      | Learned a level 4 spell: Summon Lightning Spire
  4848 | D:4      | Reached skill level 1 in Shields
  4944 | D:4      | Reached XP level 6. HP: 32/41 MP: 9/12
  5015 | D:4      | Noticed a steam dragon
  5029 | D:4      | Killed a steam dragon
  5180 | D:4      | Found a hide-covered altar of Uskayaw.
  5644 | D:4      | Reached skill level 6 in Summonings
  6040 | D:5      | Entered Level 5 of the Dungeon
  6045 | D:5      | Reached XP level 7. HP: 42/46 MP: 7/13
  6239 | D:5      | Reached skill level 5 in Spellcasting
  6295 | D:5      | Noticed a yak
  6299 | D:5      | Noticed a yak
  6307 | D:5      | Noticed a yak
  6325 | D:5      | Killed a yak
  6332 | D:5      | Noticed a yak
  6334 | D:5      | Killed a yak
  6335 | D:5      | Reached XP level 8. HP: 30/52 MP: 6/16
  6442 | D:5      | Noticed Ijyb
  6457 | D:5      | Killed Ijyb
  6458 | D:5      | Reached skill level 7 in Summonings
  6678 | D:5      | You fall into a shaft and drop 3 floors!
  6681 | D:8      | Noticed a wyvern
  6692 | D:8      | Killed a wyvern
  6952 | D:8      | Noticed a four-headed hydra
  6954 | D:8      | Noticed a wyvern
  7018 | D:7      | Reached skill level 5 in Shields
  7269 | D:6      | Reached XP level 9. HP: 57/57 MP: 14/18
  7328 | D:6      | Noticed Grinder
  7358 | D:6      | Killed Grinder
  7359 | D:6      | Reached skill level 8 in Summonings
  7459 | D:6      | Found a staircase to the Ecumenical Temple.
  7475 | Temple   | Entered the Ecumenical Temple
  7564 | Temple   | Became a worshipper of Sif Muna the Loreminder
  8080 | D:6      | Noticed Maggie
  8178 | D:5      | Found an ornate altar of the Wu Jian Council.
  8179 | D:5      | Found a radiant altar of Vehumet.
  8183 | D:5      | Learned a level 2 spell: Searing Ray
  8552 | D:6      | Killed Maggie
  8553 | D:6      | Reached skill level 1 in Fighting
  8805 | D:7      | Found a sacrificial altar of Ru.
  8808 | D:7      | Found a sparkling altar of Nemelex Xobeh.
  9345 | D:7      | Reached skill level 9 in Summonings
  9351 | D:7      | Reached XP level 10. HP: 70/70 MP: 12/22
  9605 | D:7      | Reached skill level 1 in Conjurations
  9617 | D:7      | Found a glowing golden altar of the Shining One.
  9692 | D:7      | Reached * piety under Sif Muna
  9924 | D:8      | HP: 20/70 [four-headed hydra (12)]
  9949 | D:7      | HP: 32/105 [wyvern (6)]
  9956 | D:7      | HP: 23/105 [wyvern (11)]
  9958 | D:7      | HP: 10/105 [wyvern (13)]
 10704 | D:8      | Killed a four-headed hydra
 11141 | D:7      | Identified 2 scrolls of acquirement
 11141 | D:7      | Acquired the +2 shield of Resistance {rF++ rC++ Will++}
 11141 | D:7      | Found the +2 shield of Resistance {rF++ rC++ Will++}
 11211 | D:7      | Acquired the +3 pair of boots of Cuhugy Karua {rElec Dex+3
                  | SInv}
 11283 | D:8      | Found a blossoming altar of Fedhas.
 11491 | D:9      | Found a staircase to the Lair.
 11491 | D:9      | Noticed an elephant
 11510 | D:9      | Reached skill level 10 in Summonings
 11726 | D:9      | Killed an elephant
 11834 | D:9      | Noticed a two-headed ogre
 11842 | D:9      | Killed a two-headed ogre
 11843 | D:9      | Reached XP level 11. HP: 75/75 MP: 17/23
 11912 | D:9      | Found a bloodstained altar of Trog.
 12103 | D:9      | Reached ** piety under Sif Muna
 12214 | D:9      | Found a broken altar of Ashenzari.
 12355 | D:9      | Noticed a two-headed ogre
 12368 | D:9      | Killed a two-headed ogre
 12628 | D:9      | Found a staircase to the Orcish Mines.
 12753 | Lair:1   | Entered Level 1 of the Lair of Beasts
 13065 | Lair:1   | Noticed a five-headed hydra
 13081 | Lair:1   | Killed a five-headed hydra
 13371 | Lair:1   | Reached skill level 5 in Conjurations
 13527 | Lair:1   | Identified the +6 chain mail of Pantheism {rF+ Str+3 Int+3}
 14157 | Lair:2   | Found a staircase to the Snake Pit.
 14173 | Lair:2   | Reached skill level 11 in Summonings
 15031 | Lair:2   | Reached skill level 10 in Shields
 15306 | Lair:2   | Reached XP level 12. HP: 70/81 MP: 14/24
 16038 | Lair:3   | Noticed a catoblepas
 16063 | Lair:2   | Killed a catoblepas
 16286 | Lair:3   | Noticed a five-headed hydra
 16839 | Lair:2   | Killed a five-headed hydra
 16839 | Lair:2   | Reached *** piety under Sif Muna
 17840 | Lair:3   | Noticed a four-headed hydra
 17867 | Lair:3   | Killed a four-headed hydra
 17868 | Lair:3   | Reached skill level 12 in Summonings
 18466 | Lair:3   | Identified the +6 chain mail of the Marlin {rPois}
 18982 | Lair:4   | Found an ancient bone altar of Kikubaaqudgha.
 19376 | Lair:4   | You fall into a shaft and drop 2 floors!
 19376 | Lair:6   | Entered Level 6 of the Lair of Beasts
 19420 | Lair:6   | Reached **** piety under Sif Muna
 19442 | Lair:6   | Reached XP level 13. HP: 54/86 MP: 14/25
 20361 | Lair:4   | HP: 28/86 [poisoned by a cane toad]
 20365 | Lair:4   | HP: 13/86 [poisoned by a cane toad]
 20370 | Lair:4   | HP: 7/86 [poisoned by a cane toad]
 20797 | Lair:4   | Found a staircase to the Swamp.
 21876 | Lair:5   | Reached skill level 13 in Summonings
 22844 | Lair:6   | Reached ***** piety under Sif Muna
 23383 | Lair:5   | Reached skill level 5 in Dodging
 23696 | Lair:6   | Noticed a dire elephant
 23699 | Lair:6   | Noticed a dire elephant
 23706 | Lair:6   | Noticed a dire elephant
 23889 | Lair:6   | Noticed a dire elephant
 23889 | Lair:6   | Noticed a dire elephant
 24018 | Lair:6   | Reached skill level 14 in Summonings
 24031 | Lair:6   | Reached XP level 14. HP: 82/93 MP: 16/26
 24132 | Lair:6   | Found a staircase to the Slime Pits.
 24133 | Lair:6   | Found a viscous altar of Jiyva.
 24185 | Lair:6   | Killed a dire elephant
 24205 | Lair:6   | HP: 25/93 [yak (8)]
 24553 | Lair:6   | Killed a dire elephant
 25073 | Orc:1    | Entered Level 1 of the Orcish Mines
 25073 | Orc:1    | You fall into a shaft and drop 1 floor!
 25073 | Orc:2    | Entered Level 2 of the Orcish Mines
 25076 | Orc:2    | Received a gift from Sif Muna
 25077 | Orc:2    | Got Yfog's Catalogue of Lethal Hexes {god gift}
 25102 | Orc:2    | Found Toygiuv's Antique Armour Shop.
 25102 | Orc:2    | Found Meav's Armour Shop.
 25102 | Orc:2    | Found Xaloal's Antique Armour Shoppe.
 25102 | Orc:2    | Found Ceaps's Antique Weapon Shoppe.
 25107 | Orc:2    | Noticed Saint Roka
 25109 | Orc:2    | HP: 30/93 [orc priest/divine providence (11)]
 25115 | Orc:2    | HP: 11/93 [Saint Roka/divine providence (9)]
 25119 | Orc:2    | HP: 4/93 [orc priest/divine providence (14)]
 25121 | Orc:2    | Killed from afar by an orc priest

Illustrated notes

Levels and vault maps discovered:
D:1:      amcnicky_arrival_single_pillar, layout_loops_ring,
          chequers_ecumenical_altar_simple_redux
D:2:      layout_basic, basic_altar, serial_shops, nicolae_shop_hallway_stairs,
          kennysheep_generic_room_3, uniq_terence
D:3:      layout_rooms, serial_co_window_serial, co_window_paths_a,
          co_window_paths_a, co_window_paths_b, co_window_paths_a,
          co_window_of_opportunity_a, co_window_corner_cb, co_window_broadway_b,
          co_window_corner_cb, co_window_2corner, co_window_unsneaky_path_d,
          co_window_4corner_a, co_window_4corner_b, glass_columns_c,
          glass_columns_a, glass_columns_b, glass_columns_c, glass_columns_a
D:4:      layout_layer_cave, nicolae_uskayaw_suspiria
D:5:      layout_gridville, minitemple, uniq_ijyb
D:6:      layout_loops_ring, minmay_temple_entry_drinking_statues, uniq_grinder,
          uniq_maggie
D:7:      layout_basic, mainiacjoe_overflow_catwalk_spiral, lemuel_round_altar,
          minmay_fractal_squares_diagonal_5
D:8:      layout_loops_ring, mainiacjoe_overflow_alcove_2, enter_bailey_7
D:9:      layout_irregular_city, trog_hazing_becter, mainiacjoe_overflow_paths,
          david_lair_generic, david_orc_4, nicolae_lava_and_water
Temple:   dshaligram_water_room_temple
Lair:1:   layout_regular_city, serial_forest, infiniplex_forest_lined_corner,
          infiniplex_forest_corner_1, infiniplex_forest_lined_corner,
          infiniplex_forest_diagonal, infiniplex_forest_end_1,
          infiniplex_forest_clump_tiny, infiniplex_forest_clump_medium,
          infiniplex_forest_clump_small, infiniplex_forest_fountain,
          cheibrodos_lair_caveside_slide, infiniplex_staircase_pool
Lair:2:   layout_layer_cave, minmay_snake_entry_guardpost_small,
          serial_bayou_shore_b
Lair:3:   layout_small_grid, serial_bayou_ford_a, grunt_megastairs_3
Lair:4:   layout_small_grid, palyth_hydra_swamp_entry, basic_altar,
          serial_bayou_shore_b
Lair:5:   layout_gridlike, nicolae_lair_lil_pond
Lair:6:   due_jungle_book, layout_loops_ring, slime_altar_1
Orc:1:    layout_caves, lightli_volcano_entry_magma_tube, serial_shops,
          nicolae_shop_hallway_plus, mines1_david
Orc:2:    grunt_orc_tribal_feast, layout_caves, nicolae_orc_crystal_geode,
          uniq_saint_roka

Skill      XL: |  1  2  3  4  5  6  7  8  9 10 11 12 13 14 |
---------------+-------------------------------------------+-----
Spellcasting   | 3 4 5 6 8 |  8.9
Summonings     | 5 6 7 9 10 11 12 14 | 14.4
Shields        | 1 2 4 5 6 7 10 12 13 | 13.0
Fighting       | 3 |  3.2
Conjurations   | 4 5 7 8 |  8.5
Dodging        | 6 8 |  8.0
Stealth        | |  2.1
Air Magic      | |  0.1

Action                   |  1- 3 |  4- 6 |  7- 9 | 10-12 | 13-15 || total
-------------------------+-------+-------+-------+-------+-------++-------
Melee: Unarmed           |    29 |       |       |       |       ||    29
       Dagger            |    19 |    60 |    62 |   113 |   119 ||   373
       Punch             |     1 |       |       |       |       ||     1
 Cast: Summon Small Mamm |    18 |    10 |    19 |    26 |    11 ||    84
       Call Imp          |    12 |    19 |    17 |     8 |     7 ||    63
       Call Canine Famil |     1 |    23 |    35 |    80 |    53 ||   192
       Summon Lightning  |       |       |     9 |    92 |    67 ||   168
       Searing Ray       |       |       |       |     2 |       ||     2
Evoke: Wand              |       |       |       |     1 |       ||     1
  Use: Scroll            |       |    10 |     4 |     8 |     7 ||    29
       Potion            |       |       |       |     4 |     3 ||     7
 Stab: Sleeping          |     1 |       |     1 |       |       ||     2
       Distracted        |       |       |     1 |     4 |    11 ||    16
Armor: Robe              |     9 |    23 |    15 |    46 |    38 ||   131
       Skin              |       |       |       |    16 |       ||    16
Dodge: Dodged            |    48 |    54 |    30 |    72 |    67 ||   271
Block: Buckler           |       |     8 |    22 |    13 |       ||    43
       Kite shield       |       |       |       |   101 |   135 ||   236
